 Dungeon Crawl Stone Soup version 0.28.0-47-ge53b351184 (webtiles) character file.

Game seed: 9362399027740698319

28 NinjaNoafa the Magician (level 3, -5/26 HPs)
             Began as a Djinni Fire Elementalist on Apr 30, 2022.
             Slain by Sigmund
             ... wielding a +0 scythe
              (6 damage)
             ... on level 2 of the Dungeon.
             The game lasted 00:03:24 (1626 turns).

NinjaNoafa the Magician (Djinni Fire Elementalist)  Turns: 1626, Time: 00:03:25

Health: -5/26      AC:  3    Str:  5 (7)  XL:     3   Next: 27%
Gold:   40         EV: 12    Int: 15 (18) God:
                   SH:  0    Dex: 16 (19)

rFire   + + +      SeeInvis .   i - staff of fire
rCold   x . .      Faith    .   (no shield)
rNeg    + . .      Spirit   .   a - +0 robe
rPois   ∞          Reflect  .   (no helmet)
rElec   .          Harm     .   c - +0 cloak
rCorr   .          Rampage  .   (no gloves)
Will    .....                   (boots unavailable)
Stlth   ++........              (no amulet)
HPRegen 0.08/turn               e - ring of positive energy
MPRegen 0.00/turn               j - +6 ring of dexterity

@: about to teleport, flying
A: sickness immunity, fire resistance 2, cold vulnerability 1, float, innate
caster, HP casting, extra vitality 1
a: no special abilities


You were on level 2 of the Dungeon.
You visited 1 branch of the dungeon, and saw 2 of its levels.

You collected 40 gold pieces.

Inventory:

Missiles
 d - 58 stones
Armour
 a - a +0 robe (worn)
 c - a +0 cloak (worn)
 f - a scarf of harm
Magical Staves
 i - a staff of fire (weapon)
Jewellery
 e - a ring of positive energy (left hand)
 j - a +6 ring of dexterity (right hand)


   Skills:
 - Level 0.7 Fighting
 - Level 2.5 Dodging
 - Level 1.5 Stealth
 + Level 2.9 Spellcasting
 + Level 0.9 Evocations


You couldn't memorise any spells.
You knew the following spells:

 Your Spells              Type           Power      Damage    Failure   Level
a - Foxfire               Conj/Fire      64%        2x1d7     6%          1
b - Scorch                Fire           32%        2d7       10%         2
c - Conjure Flame         Conj/Fire      16%        6-21      19%         3
d - Inner Flame           Hex/Fire       16%        N/A       19%         3
e - Flame Wave            Conj/Fire      16%        2d6       52%         4
f - Summon Small Mammal   Summ           40%        N/A       6%          1
Your spell library was empty.

Dungeon Overview and Level Annotations

Branches:
Dungeon (2/15)

Altars:

Annotations:
D:2 Sigmund


Innate Abilities, Weirdness & Mutations

You are immune to sickness and miasma.
You are immune to poison.
Your flesh is very heat resistant. (rF++)
You are vulnerable to cold. (rC-)
You float through the air rather than walking.
You learn spells naturally, not from books.
Your magical power is your life essence.
You have superior vitality. (+4 MHP)


Message History

Your bat barely misses Sigmund.
Sigmund hits your bat with a +0 scythe.
Your bat dies!
Your bat's corpse disappears in a puff of smoke!
You finish taking off your +0 cloak.
You start putting on your armour.
You continue putting on your scarf of harm. x2
Sigmund hits you but does no damage.
Keep equipping yourself?
You stop putting on your armour.
You swap places.
Sigmund hits your quokka with a +0 scythe!
Your quokka dies!
Your quokka's corpse disappears in a puff of smoke!
Casting: Summon Small Mammal (safe; 4% risk of failure)
Confirm with . or Enter, or press ? or * to list all spells.
Okay, then.
Sigmund casts a spell.
Sigmund flickers and vanishes!
Deactivating autopickup; reactivate with Ctrl-A.
There is an open door here.
A magic dart appears from out of thin air!
Keep equipping yourself?
The magic dart hits you!
You start putting on your armour.
You continue putting on your +0 cloak. x4
Something hits you.
You finish putting on your +0 cloak.
It was a potion of degeneration.
There was something very wrong with that liquid.
You feel weakened.
You feel dopey.
You feel clumsy.
As you read the scroll labelled ANUEXZ LUILLOPT, it crumbles to dust.
The creatures around you are filled with an inner flame!
It was a scroll of immolation.
Something hits you!
* * * LOW HITPOINT WARNING * * *
As you read the scroll labelled PIOKLE KEATUV, it crumbles to dust.
You feel strangely unstable.
It was a scroll of teleportation.
A magic dart appears from out of thin air!
The magic dart hits you!
* * * LOW HITPOINT WARNING * * *
Something hits you.
You die...

#........#....# ##
#........#....####
#....>...'........
#........##.######
#####.#####.#
#......#<#
#......########
########..............
#....@.......)....†...
#.####.......#........
#.......'........
#.......#........
####'####........ #.#
###.###.. #.# #.# #..
#.# .. . #.#########


There were no monsters in sight!

Vanquished Creatures
  A worm (D:2)
  3 endoplasms
  A goblin (D:2)
  3 hobgoblins
  A quokka (D:1)
  A ball python (D:1)
  5 bats
  2 frilled lizards
  3 kobolds (D:1)
  2 rats (D:1)
22 creatures vanquished.

Vanquished Creatures (collateral kills)
  An endoplasm (D:2)
  A rat (D:2)
2 creatures vanquished.

Vanquished Creatures (others)
  48 foxfires
  4 toadstools (D:1)
52 creatures vanquished.

Grand Total: 76 creatures vanquished

Notes
Turn   | Place    | Note
-------+----------+-------------------------------------------
     0 | D:1      | NinjaNoafa the Djinni Fire Elementalist began the quest for
                  | the Orb.
     0 | D:1      | Reached XP level 1. HP: 15/15 MP: 0/0
   356 | D:1      | Reached XP level 2. HP: 17/22 MP: 0/0
  1187 | D:2      | Reached XP level 3. HP: 16/26 MP: 0/0
  1187 | D:2      | Learned a level 1 spell: Summon Small Mammal
  1595 | D:2      | Noticed Sigmund
  1624 | D:2      | HP: 1/26 [something/magic dart (7)]
  1626 | D:2      | Slain by Sigmund

Illustrated notes

Levels and vault maps discovered:
D:1:      ldierk_water_garden, layout_basic, serial_curves, eino_curves_01,
          eino_curves_02
D:2:      minmay_diamond_boxcup, layout_basic, basic_ecumenical_altar,
          basic_altar, uniq_sigmund

Action                   || total
-------------------------++-------
Melee: Whip              ||     9
 Cast: Foxfire           ||    30
       Scorch            ||     4
       Summon Small Mamm ||     9
  Use: Scroll            ||     2
       Potion            ||     1
Armor: Robe              ||    18
Dodge: Dodged            ||    24
